[Event "ICCopen2016"]
[Site "Internet Chess Club"]
[Date "2016.06.03"]
[Round "4"]
[White "SurferRosa"]
[Black "Alright2015"]
[Result "1-0"]
[ICCResult "Black resigns"]
[WhiteElo "2456"]
[BlackElo "2038"]
[Opening "Blumenfeld counter-gambit"]
[ECO "A46"]
[NIC "QP.06"]
[Time "19:33:01"]
[TimeControl "180+0"]

1. d4 Nf6 2. Nf3 c5 3. d5 e6 4. c4 b5 5. e4 Nxe4 6. Bd3 Nf6 7. O-O Bb7 8.
Nc3 b4 9. Ne4 exd5 10. Nxf6+ Qxf6 11. Re1+ Be7 12. Bg5 Qe6 13. Rxe6 dxe6 14.
Bxe7 Kxe7 15. Ne5 d4 16. Qg4 g6 17. Re1 Nd7 18. Nxf7 {Black resigns} 1-0

[Event "ICCopen2016"]
[Site "Internet Chess Club"]
[Date "2016.06.03"]
[Round "4"]
[White "chessrex"]
[Black "Mandragora"]
[Result "1-0"]
[ICCResult "Black resigns"]
[WhiteElo "1884"]
[BlackElo "1578"]
[Opening "Blackmar-Diemer gambit"]
[ECO "A45"]
[NIC "QP.07"]
[Time "19:32:54"]
[TimeControl "180+0"]

1. d4 Nf6 2. f3 d5 3. e4 dxe4 4. Nc3 e3 5. Bxe3 g6 6. Qd2 Bg7 7. O-O-O O-O
8. Bh6 e6 9. g4 b6 10. h4 Bb7 11. Rh3 Nbd7 12. h5 c5 13. Bxg7 Kxg7 14. hxg6
fxg6 15. Qh6+ Kf7 16. g5 cxd4 17. Rxd4 Rc8 18. gxf6 Qxf6 19. Rxd7+
{Black resigns}
1-0

[Event "ICCopen2016"]
[Site "Internet Chess Club"]
[Date "2016.06.03"]
[Round "4"]
[White "Drahacik"]
[Black "Shafkat"]
[Result "1-0"]
[ICCResult "Black checkmated"]
[WhiteElo "2118"]
[BlackElo "1645"]
[Opening "Ruy Lopez: Schliemann defense, Berger variation"]
[ECO "C63"]
[NIC "RL.06"]
[Time "19:32:59"]
[TimeControl "180+0"]

1. e4 e5 2. Nf3 Nc6 3. Bb5 f5 4. Nc3 fxe4 5. Nxe4 d5 6. Nxe5 dxe4 7. Nxc6
Qg5 8. Qe2 Nf6 9. f4 Qxf4 10. d4 Bg4 11. Bxf4 Bxe2 12. Kxe2 a6 13. Ba4 b5
14. Bb3 Bd6 15. Bxd6 cxd6 16. Rae1 a5 17. a4 Rc8 18. axb5 Kd7 19. Rhf1 Rhf8
20. Kd2 e3+ 21. Rxe3 Ne4+ 22. Rxe4 Rxf1 23. Re7# {Black checkmated} 1-0

[Event "ICCopen2016"]
[Site "Internet Chess Club"]
[Date "2016.06.03"]
[Round "4"]
[White "Kiketf"]
[Black "Oblique"]
[Result "1-0"]
[ICCResult "Black resigns"]
[WhiteElo "2546"]
[BlackElo "1694"]
[Opening "Scandinavian: Pytel-Wade variation"]
[ECO "B01"]
[NIC "SD.02"]
[Time "19:33:19"]
[TimeControl "180+0"]

1. e4 d5 2. exd5 Qxd5 3. Nc3 Qd6 4. Nf3 Nf6 5. g3 Bg4 6. Bg2 Nc6 7. O-O
O-O-O 8. h3 Bf5 9. d3 e5 10. Bg5 Be7 11. Nd2 h6 12. Bxf6 gxf6 13. Nde4 Qd7
14. Qh5 Be6 15. Na4 b6 16. c3 Rdg8 17. d4 f5 18. Nd2 Rg5 19. Qf3 e4 20. Qe3
Bd6 21. h4 Rg7 22. d5 f4 23. dxe6 fxe6 24. Qxe4 fxg3 25. Qxc6 Qxc6 26. Bxc6
gxf2+ 27. Kxf2 Bc5+ 28. Nxc5 bxc5 29. Rg1 Rf8+ 30. Bf3 Rgf7 31. Rae1 Rxf3+
32. Nxf3 {Black resigns} 1-0

[Event "ICCopen2016"]
[Site "Internet Chess Club"]
[Date "2016.06.03"]
[Round "4"]
[White "zelog"]
[Black "Indiana-Jones"]
[Result "0-1"]
[ICCResult "White resigns"]
[WhiteElo "2218"]
[BlackElo "2855"]
[Opening "English: symmetrical variation"]
[ECO "A30"]
[NIC "EO.64"]
[Time "19:33:02"]
[TimeControl "180+0"]

1. c4 c5 2. g3 Nc6 3. Bg2 g6 4. Nf3 Bg7 5. O-O e6 6. d3 Nge7 7. Nc3 O-O 8.
a3 d5 9. Bd2 b6 10. Rb1 Bb7 11. b4 cxb4 12. axb4 dxc4 13. dxc4 Rc8 14. Qb3
Nd4 15. Nxd4 Bxg2 16. Kxg2 Qxd4 17. Rfd1 Qxc4 18. Qxc4 Rxc4 19. Nb5 a6 20.
Nd6 Rc6 21. Be3 Nd5 22. Ne4 Rc4 23. Rdc1 Nxe3+ 24. fxe3 Rxe4 25. Kf3 Re5 26.
Rc6 Rb5 27. e4 a5 28. Rc4 a4 29. Ke3 a3 30. Rc2 Bb2 {White resigns} 0-1

[Event "ICCopen2016"]
[Site "Internet Chess Club"]
[Date "2016.06.03"]
[Round "4"]
[White "welo1969"]
[Black "talbagels2"]
[Result "1-0"]
[ICCResult "Black checkmated"]
[WhiteElo "1357"]
[BlackElo "1663"]
[Opening "Queen's pawn game"]
[ECO "A46"]
[NIC "QP.06"]
[Time "19:33:27"]
[TimeControl "180+0"]

1. d4 Nf6 2. Nf3 e6 3. Nbd2 d5 4. e3 c5 5. c3 Nc6 6. Bd3 Bd6 7. O-O e5 8.
dxc5 Bxc5 9. e4 O-O 10. Qe2 Bg4 11. exd5 Nxd5 12. Ne4 Bb6 13. Rd1 f5 14. Bc4
Bd4 15. Neg5 e4 16. cxd4 exf3 17. Qe6+ Kh8 18. Bxd5 fxg2 19. Qg8+ Rxg8 20.
Nf7# {Black checkmated} 1-0

[Event "ICCopen2016"]
[Site "Internet Chess Club"]
[Date "2016.06.03"]
[Round "4"]
[White "PaYbAcK"]
[Black "blitzmaniac"]
[Result "1-0"]
[ICCResult "Black resigns"]
[WhiteElo "2741"]
[BlackElo "2915"]
[Opening "Philidor: exchange variation"]
[ECO "C41"]
[NIC "KP.08"]
[Time "19:32:42"]
[TimeControl "180+0"]

1. e4 e5 2. Nf3 d6 3. d4 exd4 4. Nxd4 Nf6 5. Nc3 Be7 6. Be2 O-O 7. Bf4 Nc6
8. Qd2 Re8 9. O-O-O Nxd4 10. Qxd4 Be6 11. f3 a6 12. g4 c5 13. Qd2 Qa5 14.
Kb1 Bxg4 15. fxg4 b5 16. g5 Nd7 17. Nd5 Qd8 18. h4 Bf8 19. Bf3 b4 20. h5 a5
21. g6 fxg6 22. hxg6 h6 23. Ne3 Nf6 24. Nf5 c4 25. Bxh6 c3 26. Qh2 b3 27.
Bg5 bxa2+ 28. Kxa2 {Black resigns} 1-0

[Event "ICCopen2016"]
[Site "Internet Chess Club"]
[Date "2016.06.03"]
[Round "4"]
[White "A4-H5"]
[Black "DARKTRUDER"]
[Result "0-1"]
[ICCResult "White checkmated"]
[WhiteElo "1878"]
[BlackElo "2294"]
[Opening "Trompowsky attack (Ruth, Opocenský opening)"]
[ECO "A45"]
[NIC "QP.07"]
[Time "19:33:13"]
[TimeControl "180+0"]

1. d4 Nf6 2. Bg5 Ne4 3. Be3 c5 4. dxc5 e6 5. b4 a5 6. c3 axb4 7. cxb4 b6 8.
Qc2 Qf6 9. Qxe4 Qxa1 10. Nf3 Rxa2 11. Nd2 bxc5 12. b5 Qb2 13. f3 d5 14. Qf4
e5 15. Qg5 f6 16. Qh5+ g6 17. Qh4 d4 18. Qxf6 dxe3 19. Qxh8 Qc1#
{White checkmated}
0-1

[Event "ICCopen2016"]
[Site "Internet Chess Club"]
[Date "2016.06.03"]
[Round "4"]
[White "kingsac"]
[Black "HouseOfFun"]
[Result "0-1"]
[ICCResult "White resigns"]
[WhiteElo "1889"]
[BlackElo "2457"]
[Opening "Scandinavian (center counter) defense"]
[ECO "B01"]
[NIC "SD.02"]
[Time "19:32:44"]
[TimeControl "180+0"]

1. e4 d5 2. exd5 Qxd5 3. Nc3 Qe5+ 4. Be2 c6 5. Nf3 Qc7 6. O-O Bf5 7. d3 e6
8. h3 Nd7 9. Nh2 Bd6 10. f4 Ngf6 11. g4 Bg6 12. Qe1 h6 13. Qf2 O-O-O 14. a4
Rhe8 15. Be3 a6 16. a5 Nd5 17. Nxd5 exd5 18. Bb6 Nxb6 19. axb6 Qe7 20. Rae1
Bc5 21. d4 Bxb6 22. f5 Bh7 23. Bxa6 Qf6 24. Bxb7+ Kxb7 25. c3 g6 26. Ra1
gxf5 27. Qf3 Qd6 28. Qd3 Ra8 29. Nf3 Qg3+ 30. Kh1 Qxh3+ 31. Nh2 Qxd3
{White resigns}
0-1

[Event "ICCopen2016"]
[Site "Internet Chess Club"]
[Date "2016.06.03"]
[Round "4"]
[White "Yedixon"]
[Black "DukeBishop"]
[Result "0-1"]
[ICCResult "White resigns"]
[WhiteElo "1259"]
[BlackElo "1605"]
[Opening "Ruy Lopez: Marshall counter-attack, 11...c6"]
[ECO "C89"]
[NIC "RL.17"]
[Time "19:32:44"]
[TimeControl "180+0"]

1. e4 e5 2. Nf3 Nc6 3. Bb5 a6 4. Ba4 Nf6 5. O-O Be7 6. Re1 b5 7. Bb3 O-O 8.
c3 d5 9. exd5 Nxd5 10. Nxe5 Nxe5 11. Rxe5 c6 12. Bxd5 cxd5 13. d4 Bd6 14.
Re1 Qh4 15. g3 Qh3 16. Qf3 Bg4 17. Qg2 Qh5 18. h4 Rae8 19. Rxe8 Rxe8 20. Be3
Bf3 21. Qf1 Qg4 22. Nd2 Rxe3 23. Nxf3 Rxf3 24. Re1 g6 25. Qe2 Bxg3 26. fxg3
Rxg3+ 27. Kh1 Rh3+ {White resigns} 0-1

[Event "ICCopen2016"]
[Site "Internet Chess Club"]
[Date "2016.06.03"]
[Round "4"]
[White "jps7"]
[Black "carpedef"]
[Result "0-1"]
[ICCResult "White checkmated"]
[WhiteElo "1536"]
[BlackElo "1835"]
[Opening "King's Indian: East Indian defense"]
[ECO "A48"]
[NIC "QP.06"]
[Time "19:32:56"]
[TimeControl "180+0"]

1. d4 Nf6 2. Nf3 g6 3. e3 Bg7 4. Bd3 O-O 5. O-O d6 6. b3 Nbd7 7. Bb2 c5 8.
Nbd2 a6 9. c4 Rb8 10. d5 b5 11. Rb1 Nb6 12. Re1 Bd7 13. e4 bxc4 14. bxc4 Ba4
15. Qe2 Nfd7 16. Bxg7 Kxg7 17. Nb3 Qc7 18. e5 Nxe5 19. Nxe5 dxe5 20. Qxe5+
Qxe5 21. Rxe5 Kf6 22. Rbe1 Bxb3 23. axb3 Rb7 24. f4 Nc8 25. Bc2 Nd6 26. g4
h6 27. h4 Re8 28. g5+ hxg5 29. fxg5+ Kg7 30. Kg2 Ra7 31. Kg3 a5 32. Kg4 Rb7
33. h5 gxh5+ 34. Kxh5 a4 35. bxa4 Rb4 36. a5 Rxc4 37. Ba4 Rh8#
{White checkmated}
0-1

[Event "ICCopen2016"]
[Site "Internet Chess Club"]
[Date "2016.06.03"]
[Round "4"]
[White "MaestroASK"]
[Black "eltigrecu"]
[Result "1-0"]
[ICCResult "Black resigns"]
[WhiteElo "2568"]
[BlackElo "2078"]
[Opening "Benko's opening"]
[ECO "A00"]
[NIC "VO.09"]
[Time "19:32:46"]
[TimeControl "180+0"]

1. g3 d5 2. d3 Nf6 3. Bg2 c6 4. e4 dxe4 5. dxe4 Qxd1+ 6. Kxd1 Ng4 7. Nh3 e5
8. f3 Nf6 9. Nf2 Be6 10. Nd2 Nbd7 11. Bh3 Bc5 12. Bxe6 Bxf2 13. Bxd7+ Nxd7
14. Ke2 Bb6 15. a4 a5 16. Nc4 O-O-O 17. Nd6+ Kb8 18. Nxf7 Nc5 19. Nxh8 Rxh8
20. Be3 Rf8 21. Rhd1 Kc7 22. Bxc5 Bxc5 23. Rd3 Rf7 24. Rad1 h6 25. c3 b6 26.
Rd8 g5 27. Rh8 Bf8 28. Rg8 Rf6 29. b3 Kc8 30. h4 gxh4 31. gxh4 Rf4 32. Rdg1
Kc7 33. R1g4 Rf6 34. R4g6 Rf4 35. h5 b5 36. Rh8 bxa4 37. bxa4 Kb6 38. Rgg8
Bc5 39. Rxh6 Rh4 40. Rgg6 Rh2+ 41. Kd3 Ba3 42. Rxc6+ Kb7 43. Rb6+ Kc7 44.
Rbg6 Rf2 45. Rg7+ {Black resigns} 1-0

[Event "ICCopen2016"]
[Site "Internet Chess Club"]
[Date "2016.06.03"]
[Round "4"]
[White "alan2015"]
[Black "ronj"]
[Result "1-0"]
[ICCResult "Black checkmated"]
[WhiteElo "1307"]
[BlackElo "1072"]
[Opening "Sicilian defense"]
[ECO "B41"]
[NIC "SI.41"]
[Time "19:32:46"]
[TimeControl "180+0"]

1. e4 c5 2. Nf3 e6 3. d4 cxd4 4. Nxd4 e5 5. Nb5 Qb6 6. N1c3 a6 7. Nd5 Qc6 8.
Nbc7+ Kd8 9. Nxa8 Bc5 10. Qe2 Ne7 11. Nac7 Nxd5 12. Nxd5 b6 13. Bd2 d6 14.
c3 Be6 15. Ne3 Bxe3 16. Qxe3 Bc4 17. Bxc4 Qxc4 18. b3 Qc6 19. Rd1 Nd7 20.
Bc1 Kc7 21. Ba3 Nc5 22. Bxc5 bxc5 23. O-O Rd8 24. Rd5 Qb5 25. Rfd1 Rd7 26.
b4 Qa4 27. bxc5 Qxa2 28. cxd6+ Rxd6 29. Rxd6 Qb3 30. Qc5+ Kb8 31. Rd7 a5 32.
Qa7+ Kc8 33. Rd8# {Black checkmated} 1-0

[Event "ICCopen2016"]
[Site "Internet Chess Club"]
[Date "2016.06.03"]
[Round "4"]
[White "Kastor"]
[Black "faust"]
[Result "0-1"]
[ICCResult "White resigns"]
[WhiteElo "2873"]
[BlackElo "3232"]
[Opening "Sicilian: Najdorf, 7.f4"]
[ECO "B96"]
[NIC "SI.04"]
[Time "19:33:27"]
[TimeControl "180+0"]

1. e4 c5 2. Nf3 d6 3. d4 cxd4 4. Nxd4 Nf6 5. Nc3 a6 6. Bg5 e6 7. f4 h6 8.
Bh4 Qb6 9. a3 Be7 10. Bf2 Qc7 11. Qf3 Nc6 12. O-O-O Bd7 13. Be2 Nxd4 14.
Bxd4 Bc6 15. Qe3 b5 16. e5 dxe5 17. Bxe5 Qb7 18. Rhg1 a5 19. Bf3 b4 20. Nb1
Rc8 21. axb4 axb4 22. Nd2 O-O 23. Kb1 Nd5 24. Bxd5 Bxd5 25. b3 Qc6 26. Rc1
Ra8 27. g4 Bc5 28. Bd4 Bxd4 29. Qxd4 Qc3 30. Qxc3 bxc3 31. Nf1 Ra3 32. Rg3
Rfa8 33. Rxc3 Ra1+ {White resigns} 0-1

[Event "ICCopen2016"]
[Site "Internet Chess Club"]
[Date "2016.06.03"]
[Round "4"]
[White "gmgattass"]
[Black "Danya"]
[Result "0-1"]
[ICCResult "White resigns"]
[WhiteElo "2243"]
[BlackElo "3036"]
[Opening "Réti: King's Indian attack (Barcza system)"]
[ECO "A07"]
[NIC "QP.09"]
[Time "19:33:44"]
[TimeControl "180+0"]

1. Nf3 d5 2. g3 Nc6 3. Bg2 e5 4. c4 dxc4 5. Qa4 Bd6 6. Qxc4 Nge7 7. a3 O-O
8. O-O a5 9. b3 Be6 10. Qc2 h6 11. d3 Qd7 12. Nbd2 Bh3 13. Bb2 Bxg2 14. Kxg2
Ng6 15. Nc4 Rae8 16. Nxd6 cxd6 17. e3 f5 18. Nd2 f4 19. h3 Qf5 20. Qc4+ Kh8
21. Qe4 Qe6 22. exf4 d5 23. f5 Rxf5 24. Qg4 Ref8 25. Rae1 Qf6 26. f3 Rg5 27.
Qa4 Nf4+ 28. Kh2 Rxg3 29. Kxg3 Qg5+ 30. Kf2 Qg2+ 31. Ke3 d4+ {White resigns}
0-1

[Event "ICCopen2016"]
[Site "Internet Chess Club"]
[Date "2016.06.03"]
[Round "4"]
[White "darthvader"]
[Black "DaveyJones"]
[Result "1-0"]
[ICCResult "Black resigns"]
[WhiteElo "1838"]
[BlackElo "1496"]
[Opening "King's Indian: London system"]
[ECO "A48"]
[NIC "QP.03"]
[Time "19:32:47"]
[TimeControl "180+0"]

1. d4 Nf6 2. Nf3 g6 3. Bf4 Bg7 4. e3 O-O 5. h3 d6 6. Be2 Nbd7 7. O-O c5 8.
c4 cxd4 9. exd4 b6 10. Nc3 Bb7 11. Rc1 Nh5 12. Bh2 e5 13. g4 Nf4 14. dxe5
dxe5 15. Bxf4 exf4 16. Nd5 Ne5 17. Nxe5 Bxe5 18. b3 Qh4 19. Kg2 Rad8 20. Bf3
Kh8 21. Re1 Bg7 22. Qe2 h5 23. Qe7 Qxe7 24. Rxe7 hxg4 25. hxg4 Bxd5 26. Bxd5
a5 27. Bxf7 Bf6 28. Rb7 Rd2 29. Rh1+ Kg7 30. Bd5+ {Black resigns} 1-0

[Event "ICCopen2016"]
[Site "Internet Chess Club"]
[Date "2016.06.03"]
[Round "4"]
[White "maxhappy"]
[Black "airantrobo"]
[Result "1-0"]
[ICCResult "Black resigns"]
[WhiteElo "1879"]
[BlackElo "1534"]
[Opening "Van't Kruijs opening"]
[ECO "A00"]
[Time "19:33:43"]
[TimeControl "180+0"]

1. e3 e5 2. d4 exd4 3. exd4 Nf6 4. Bd3 g6 5. Nf3 Bg7 6. O-O O-O 7. c3 d5 8.
Bf4 Bg4 9. Nbd2 c6 10. Re1 Nbd7 11. Qb3 b6 12. Qa4 Qc8 13. Bd6 Re8 14. Rxe8+
Nxe8 15. Bg3 b5 16. Qa3 Nb6 17. b4 Nf6 18. Re1 Qd7 19. Ne5 Qc8 20. Nxg4 Qxg4
21. h3 Qd7 22. Nf3 Re8 23. Rxe8+ Qxe8 24. Qxa7 Nc4 25. Qc7 Ne4 26. Bxe4 dxe4
27. Ne5 Bxe5 28. Bxe5 Nxe5 29. Qxe5 f5 30. Qxe8+ {Black resigns} 1-0

[Event "ICCopen2016"]
[Site "Internet Chess Club"]
[Date "2016.06.03"]
[Round "4"]
[White "akibael"]
[Black "ciatouciso"]
[Result "1-0"]
[ICCResult "Black resigns"]
[WhiteElo "2263"]
[BlackElo "1626"]
[Opening "Réti opening"]
[ECO "A04"]
[NIC "QP.11"]
[Time "19:33:41"]
[TimeControl "180+0"]

1. Nf3 c6 2. d4 d5 3. Nc3 Nd7 4. e4 g6 5. Bg5 f6 6. Bh4 e6 7. Bd3 Bg7 8. Qe2
Ne7 9. e5 O-O 10. exf6 Bxf6 11. Qxe6+ Kg7 12. Bxf6+ Rxf6 13. Qe2 Nb6 14.
O-O-O Bg4 15. Rde1 Nf5 16. Bxf5 Bxf5 17. Qe7+ Qxe7 18. Rxe7+ Rf7 19. Rhe1
Rf8 20. b3 Rxe7 21. Rxe7+ Rf7 22. Rxf7+ Kxf7 23. Kd2 h6 24. Nh4 Kf6 25. Nxf5
gxf5 26. Ne2 Nd7 27. Nf4 Nf8 28. h4 Ne6 29. Nxe6 Kxe6 30. Ke3 Kf6 31. Kf4 h5
32. a4 b6 33. c3 a6 34. b4 Kg6 35. a5 bxa5 36. bxa5 Kf6 37. f3 Ke6 38. Kg5
Kd6 39. Kxf5 c5 40. g4 hxg4 41. fxg4 Kc6 42. h5 Kb5 43. dxc5 Kxc5 44. h6 Kc4
45. h7 Kxc3 46. h8=Q+ d4 47. Ke4 {Black resigns} 1-0

[Event "ICCopen2016"]
[Site "Internet Chess Club"]
[Date "2016.06.03"]
[Round "4"]
[White "manneredmonkey"]
[Black "BlitzFreakay"]
[Result "0-1"]
[ICCResult "White checkmated"]
[WhiteElo "1594"]
[BlackElo "2055"]
[Opening "Réti: King's Indian attack"]
[ECO "A05"]
[NIC "EO.26"]
[Time "19:33:34"]
[TimeControl "180+0"]

1. Nf3 Nf6 2. g3 g6 3. Bg2 Bg7 4. c4 O-O 5. Nc3 c5 6. d4 cxd4 7. Nxd4 Nc6 8.
O-O Nxd4 9. Qxd4 d6 10. Qd3 a6 11. Rd1 Qc7 12. b3 Rb8 13. Bb2 Bf5 14. e4 Bg4
15. f3 Be6 16. Rac1 Rfd8 17. Nd5 Bxd5 18. cxd5 Qb6+ 19. Bd4 Qa5 20. a4 Rbc8
21. Bh3 Rxc1 22. Rxc1 Nd7 23. Bxg7 Kxg7 24. Qd4+ f6 25. Be6 Nc5 26. Qc4 Qd2
27. Rc2 Qd1+ 28. Kg2 Nd3 29. Kh3 Qf1+ 30. Kg4 Ne5+ 31. Kf4 Qxf3#
{White checkmated}
0-1

[Event "ICCopen2016"]
[Site "Internet Chess Club"]
[Date "2016.06.03"]
[Round "4"]
[White "fatTITAN"]
[Black "Qualm"]
[Result "0-1"]
[ICCResult "White resigns"]
[WhiteElo "1438"]
[BlackElo "1726"]
[Opening "English opening"]
[ECO "A10"]
[NIC "EO.64"]
[Time "19:33:29"]
[TimeControl "180+0"]

1. c4 d5 2. cxd5 Qxd5 3. Nc3 Qd8 4. g3 c6 5. Bg2 Nf6 6. Nf3 g6 7. O-O Bg7 8.
d4 O-O 9. Bg5 Na6 10. e4 Nc7 11. e5 Nfd5 12. Qd2 Re8 13. Bh6 Bh8 14. Rac1
Ne6 15. Ng5 Ndc7 16. Nxe6 Bxe6 17. a3 Nd5 18. Ne4 Qd7 19. Nc5 Qc8 20. f4 Bh3
21. Rfe1 Bxg2 22. Kxg2 Rb8 23. e6 f6 24. Nd7 Ra8 25. Qe2 Nb6 26. Qg4 f5 27.
Qg5 Nxd7 28. exd7 Qxd7 29. Re6 Qxe6 30. h4 Bf6 {White resigns} 0-1

[Event "ICCopen2016"]
[Site "Internet Chess Club"]
[Date "2016.06.03"]
[Round "4"]
[White "paulohaddad"]
[Black "doodlestoo"]
[Result "1-0"]
[ICCResult "Black checkmated"]
[WhiteElo "1722"]
[BlackElo "1411"]
[Opening "Modern defense: Averbakh system, Kotov variation"]
[ECO "A40"]
[NIC "KF.03"]
[Time "19:32:54"]
[TimeControl "180+0"]

1. d4 g6 2. c4 Bg7 3. Nc3 d6 4. e4 Nc6 5. Nf3 e5 6. d5 Nce7 7. Bg5 f6 8. Be3
f5 9. Bg5 Nf6 10. exf5 gxf5 11. Be2 O-O 12. h3 Qe8 13. Qc2 Bd7 14. O-O-O Kh8
15. Rdg1 Qg6 16. h4 Neg8 17. h5 Nxh5 18. Qd2 Rae8 19. Nh4 Qf7 20. Bxh5 Qxh5
21. Nxf5 Qxh1 22. Rxh1 Bxf5 23. f3 e4 24. Nxe4 Bxe4 25. fxe4 Rxe4 26. a3
Rxc4+ 27. Kb1 Rd4 28. Qe3 Rxd5 29. Qe4 c6 30. Qxh7# {Black checkmated} 1-0

[Event "ICCopen2016"]
[Site "Internet Chess Club"]
[Date "2016.06.03"]
[Round "4"]
[White "Kandor"]
[Black "baconwithfries"]
[Result "0-1"]
[ICCResult "White checkmated"]
[WhiteElo "1121"]
[BlackElo "1336"]
[Opening "French: King's Indian attack"]
[ECO "C00"]
[NIC "FR.02"]
[Time "19:33:25"]
[TimeControl "180+0"]

1. e4 e6 2. d3 d5 3. Nd2 dxe4 4. dxe4 Nc6 5. g3 e5 6. Bg2 Nf6 7. Ngf3 Bd6 8.
O-O O-O 9. Qe2 Be6 10. c3 Qd7 11. h3 Be7 12. Re1 Rad8 13. Nf1 Qd3 14. Be3
Nxe4 15. Rad1 Qxe2 16. Rxe2 Rxd1 17. Re1 Rxe1 18. Nxe1 Bxa2 19. Bxe4 a6 20.
Bxc6 bxc6 21. Nd3 Bc4 22. Nxe5 Bxf1 23. Kxf1 c5 24. Nd7 Rd8 25. Ne5 Bd6 26.
Nc6 Re8 27. Bf4 Bxf4 28. gxf4 Re6 29. Nd8 Rd6 30. Nb7 Rb6 31. Nxc5 Rxb2 32.
Nxa6 Rc2 33. Nxc7 Rxc3 34. Nd5 Ra3 35. Ne7+ Kf8 36. Nf5 g6 37. Nh6 Kg7 38.
Ng4 h5 39. Ne5 f6 40. Nd7 g5 41. fxg5 fxg5 42. Kg2 Kg6 43. Ne5+ Kf5 44. Nf3
g4 45. Nh4+ Kg5 46. f4+ Kxh4 47. f5 gxh3+ 48. Kh2 Rf3 49. f6 Rxf6 50. Kg1
Kg3 51. Kh1 Rf1# {White checkmated} 0-1

[Event "ICCopen2016"]
[Site "Internet Chess Club"]
[Date "2016.06.03"]
[Round "4"]
[White "chigato"]
[Black "lion100"]
[Result "1-0"]
[ICCResult "Black resigns"]
[WhiteElo "1786"]
[BlackElo "1340"]
[Opening "Gedult's opening"]
[ECO "A00"]
[Time "19:33:48"]
[TimeControl "180+0"]

1. f3 d5 2. e4 dxe4 3. fxe4 e5 4. Nf3 Nc6 5. c3 Bg4 6. Bb5 Bd6 7. d3 Nf6 8.
Qe2 O-O 9. Bg5 Be7 10. Ba4 Nd7 11. Be3 Ncb8 12. Bc2 h6 13. Nbd2 Nc6 14. h3
Bh5 15. O-O Bg6 16. Qf2 f5 17. exf5 Bxf5 18. Ne4 Nf6 19. Qe2 Nxe4 20. dxe4
Be6 21. Rfe1 Qe8 22. Red1 Qg6 23. Kh1 Rf6 24. Nh2 Raf8 25. Rf1 Qxe4 26. Bxe4
Bxh3 27. Rxf6 Bxg2+ 28. Bxg2 Bxf6 29. b4 {Black resigns} 1-0

[Event "ICCopen2016"]
[Site "Internet Chess Club"]
[Date "2016.06.03"]
[Round "4"]
[White "AaronArrowood"]
[Black "GoldenCountry"]
[Result "1-0"]
[ICCResult "Black forfeits on time"]
[WhiteElo "1738"]
[BlackElo "1455"]
[Opening "French: classical, Tartakower variation"]
[ECO "C13"]
[NIC "FR.06"]
[Time "19:32:43"]
[TimeControl "180+0"]

1. d4 Nf6 2. Nc3 e6 3. e4 d5 4. Bg5 Be7 5. e5 Ne4 6. Bxe7 Qxe7 7. Nxe4 dxe4
8. c3 O-O 9. Qc2 f5 10. exf6 Qxf6 11. Bc4 Kh8 12. Nh3 e5 13. dxe5 Qxe5 14.
O-O Bxh3 15. gxh3 Rf6 16. Kh1 Qf4 17. Be2 Nc6 18. Rad1 Rh6 19. Bg4 Ne5 20.
Qe2 Rh4 21. Rg1 Rf8 22. Rdf1 Rf6 23. Rg3 Rg6 24. Qe3 Qxe3 25. fxe3 Rf6 26.
Rxf6 gxf6 27. Kg2 Nxg4 28. Rxg4 Rh5 29. Rxe4 Rc5 30. Kf3
{Black forfeits on time}
1-0

[Event "ICCopen2016"]
[Site "Internet Chess Club"]
[Date "2016.06.03"]
[Round "4"]
[White "kvicc"]
[Black "Anarchy"]
[Result "0-1"]
[ICCResult "White resigns"]
[WhiteElo "2209"]
[BlackElo "2774"]
[Opening "Sicilian: Boleslavsky variation, 7.Nb3"]
[ECO "B59"]
[NIC "SI.25"]
[Time "19:33:17"]
[TimeControl "180+0"]

1. e4 c5 2. Nf3 d6 3. d4 cxd4 4. Nxd4 Nf6 5. Nc3 Nc6 6. Be2 e5 7. Nb3 h6 8.
O-O Be7 9. Be3 O-O 10. a4 Be6 11. Re1 Rc8 12. h3 a6 13. Bf1 Qc7 14. Qf3 Nb4
15. Qd1 Rfd8 16. Nd2 d5 17. exd5 Nfxd5 18. Nxd5 Nxd5 19. c3 Nxe3 20. fxe3
Bh4 21. Re2 Bc4 22. Qc2 Bxe2 23. Bxe2 Qb6 24. Nc4 Qc5 25. Qe4 Bg5 26. Rf1 b5
27. axb5 axb5 28. Nxe5 Qxe3+ 29. Qxe3 Bxe3+ 30. Kh1 Rc5 31. Nd3 Rcd5 32. Nb4
Rd2 33. Bxb5 Rxb2 34. Bc4 Rd7 35. Nd5 Bc5 36. Nf4 Rf2 37. Rxf2 Bxf2 38. Nd3
Bg3 39. Kg1 Re7 40. Kf1 Kf8 41. Bb5 Re3 42. Bc4 Ke7 43. Bb5 Kd6 44. Bc4 Kc6
45. Nb4+ Kc5 46. Be2 Rxc3 47. Nd3+ Kd4 48. Nb2 Rc2 49. Nd1 f5 50. Bf3 g5 51.
Be2 Ke5 52. Ne3 Ra2 53. Nc4+ Kd4 54. Nb6 Ra1+ 55. Bd1 Rxd1+ 56. Ke2 Rb1
{White resigns}
0-1

[Event "ICCopen2016"]
[Site "Internet Chess Club"]
[Date "2016.06.03"]
[Round "4"]
[White "Nedwis"]
[Black "chessasuke91"]
[Result "1-0"]
[ICCResult "Black resigns"]
[WhiteElo "2920"]
[BlackElo "2613"]
[Opening "French: Winawer (Nimzovich) variation"]
[ECO "C15"]
[NIC "FR.08"]
[Time "19:33:03"]
[TimeControl "180+0"]

1. e4 e6 2. d4 d5 3. Nc3 Bb4 4. exd5 exd5 5. Bd3 Ne7 6. Qf3 Nbc6 7. Ne2 Be6
8. O-O O-O 9. h3 Ng6 10. Re1 Nce7 11. Bg5 c6 12. Nf4 Nxf4 13. Qxf4 Qd7 14.
Bxe7 Bxe7 15. Ne2 Bd6 16. Qh4 g6 17. Ng3 Rfe8 18. c3 Bf8 19. Qg5 Bg7 20. Re2
h6 21. Qf4 Re7 22. Rae1 Rae8 23. h4 h5 24. Qg5 Kf8 25. f3 Qc7 26. Kf2 Bc8
27. Rxe7 Rxe7 28. Rxe7 Qxe7 29. Qxe7+ Kxe7 30. Ne2 Bh6 31. g3 Kd6 32. b4 b6
33. f4 Bg4 34. Ng1 c5 35. bxc5+ bxc5 36. Be2 Bf5 37. Nf3 Bg7 38. Ke3 Be4 39.
Ng5 f5 40. dxc5+ Kxc5 41. Ne6+ Kd6 42. Nxg7 Ke7 43. Bb5 Kf7 44. Ne8 Ke7 45.
Nc7 Kd6 46. Na6 Bb1 47. a4 Ba2 48. Kd4 Bb3 49. Nc5 Bc2 50. a5 Bd1 51. a6 Bc2
52. Nd3 Bd1 53. Ne5 Bc2 54. Nxg6 Be4 55. Ne5 Bc2 56. Be2 Kc7 57. Bxh5
{Black resigns}
1-0

[Event "ICCopen2016"]
[Site "Internet Chess Club"]
[Date "2016.06.03"]
[Round "4"]
[White "Dlugy"]
[Black "jefferyx"]
[Result "0-1"]
[ICCResult "White checkmated"]
[WhiteElo "2934"]
[BlackElo "2757"]
[Opening "Polish defense"]
[ECO "A40"]
[NIC "QO.17"]
[Time "19:32:48"]
[TimeControl "180+0"]

1. d4 b5 2. e4 a6 3. Bd3 Bb7 4. Nf3 e6 5. Qe2 Nf6 6. O-O d5 7. e5 Nfd7 8. c3
c5 9. a3 Nc6 10. b4 c4 11. Bc2 a5 12. Bb2 Be7 13. Nbd2 O-O 14. g3 Qc7 15. h4
Rae8 16. Rfe1 f6 17. exf6 Bxf6 18. Ng5 Bxg5 19. hxg5 e5 20. Qh5 e4 21. Nxe4
g6 22. Qh4 dxe4 23. Rxe4 Ne7 24. Ree1 Nf5 25. Bxf5 gxf5 26. d5 Ne5 27. Qf4
Bxd5 28. Kf1 Qg7 29. Rad1 Nd3 30. Qd6 Bg2+ 31. Kxg2 Nxe1+ 32. Kf1 Qb7 33.
Rd5 Nd3 34. g6 Nxb2 35. gxh7+ Qxh7 36. Kg2 Nd3 37. Rxd3 cxd3 38. Qxd3 Qb7+
39. Kh2 Rf7 40. f3 Qd7 41. Qc2 Qe6 42. Kh3 Qe2 43. Qb3 Re6 44. Kh4 Qxf3 45.
Qxe6 Qg4# {White checkmated} 0-1